Workbook
Name aa: #REF!
Name aa: #REF!
Name adasda: #REF!
Name adasda: #REF!
Name adasda: #REF!
Name BDI: #REF!
Name BDI: [1]Desoneração!#REF!
Name BDI: [2]Cumulativa!$N$7
Name BDI: PlanilhaConsolidada!#REF!
Name BDI: #REF!
Name Qtd_Dias: '[3]HORAS,VT,VA'!#REF!
Name Qtd_Dias: '[1]HORAS,VT,VA,CAFÉ'!$B$19
Name Qtd_Dias: 'HORAS,VT,Vl'!#REF!
Name Qtd_Dias: #REF!
Name Qtd_Dias: #REF!

Sheet PlanilhaConsolidada
A2: PLANILHA DE CUSTOS E FORMAÇÃO DE PREÇOS - 01 de novembro de 2022 a 31 de outubro de 2023
A3: Posto de Trabalho | B3: Carga Horária semanal do Posto de Trabalho | D3: Convenção Coletiva de Trabalho (poderá ser alterada) Vigência Data-base | E3: MONTANTE "A" | L3: MONTANTE "B" | O3: Somatório Montantes "A" e "B" (R$) | P3: CITL Calculado sobre o somatório dos Montantes "A" e "B" (R$) | Q3: Total unitário mensal do posto de trabalho (R$) | R3: Total unitário do posto de trabalho no período (R$) | S3: Quantidade de profissionais por posto de trabalho (R$) | T3: Total mensal estimado da Contratação (R$) | U3: Total estimado da contratação para o período (R$)
E4: Salário (R$) | F4: Adicional de condução de veículo sob o piso normativo (R$) | G4: Adicional de Periculosidade (R$) | H4: Adicional Noturno (R$) | I4: Remuneração (R$) | J4: Encargos Sociais (R$) | K4: Total unitário montante "A" (R$) | L4: Valor mensal do Auxílio-alimentação (R$) | M4: Valor do auxílio-transporte mensal - parte da empresa (R$) | N4: Total unitário montante "B" (R$) | T4: Previsão Mensal Inicial | U4: Previsão Mensal Total
F6: 2450.39 | R6: 12
F7: 0.1 | G7: 0.3 | H7: 0.2 | J7: =ROUNDUP('Encargos Sociais'!D36,4) -> 0.717 | P7: ='Encargos Sociais'!J14 -> 0.22988506 | R7: meses
A8: Segurança Pessoal Privada p/ condução de veículos CBO 5173-10 | B8: 12x36 | C8: Diurno | D8: SINDESV/DF x SINDESP/DF 2022/2022 1º de janeiro de 2022 | E8: =4277.83 -> 4277.83 | F8: =ROUNDUP($F$6*$F$7,2) -> 245.04 | G8: =ROUNDDOWN(((E8+F8)*$G$7),2) -> 1356.86 | H8: - | I8: =SUM(E8:H8) -> 5879.73 | J8: =ROUNDDOWN(I8*$J$7,2) -> 4215.76 | K8: =SUM(I8:J8) -> 10095.49 | L8: ='HORAS,VT,Vl'!P6 -> 633.6239 | M8: - | N8: =SUM(L8:M8) -> 633.6239 | O8: =K8+N8 -> 10729.114 | P8: =O8*$P$7 -> 2466.463 | Q8: =SUM(O8:P8) -> 13195.577 | R8: =Q8*12 -> 158346.92 | S8: 12 | T8: =Q8*S8 -> 158346.92 | U8: =T8*$R$6 -> 1900163.1
C9: Noturno | E9: =4277.83 -> 4277.83 | F9: =ROUNDUP($F$6*$F$7,2) -> 245.04 | G9: =ROUNDDOWN(((E9+F9)*$G$7),2) -> 1356.86 | H9: ='HORAS,VT,Vl'!R14 -> 641.42509 | I9: =SUM(E9:H9) -> 6521.1551 | J9: =ROUNDDOWN(I9*$J$7,2) -> 4675.66 | K9: =SUM(I9:J9) -> 11196.815 | L9: ='HORAS,VT,Vl'!P6 -> 633.6239 | M9: - | N9: =SUM(L9:M9) -> 633.6239 | O9: =K9+N9 -> 11830.439 | P9: =O9*$P$7 -> 2719.6411 | Q9: =SUM(O9:P9) -> 14550.08 | R9: =Q9*12 -> 174600.96 | S9: 2 | T9: =Q9*S9 -> 29100.16 | U9: =T9*$R$6 -> 349201.92
B10: 44 horas semanais | C10: 05h às 22h* | E10: =4277.83 -> 4277.83 | F10: =ROUNDUP($F$6*$F$7,2) -> 245.04 | G10: =ROUNDDOWN(((E10+F10)*$G$7),2) -> 1356.86 | H10: - | I10: =SUM(E10:H10) -> 5879.73 | J10: =ROUNDDOWN(I10*$J$7,2) -> 4215.76 | K10: =SUM(I10:J10) -> 10095.49 | L10: ='HORAS,VT,Vl'!$P$7 -> 856.4367 | M10: - | N10: =SUM(L10:M10) -> 856.4367 | O10: =K10+N10 -> 10951.927 | P10: =O10*$P$7 -> 2517.6843 | Q10: =SUM(O10:P10) -> 13469.611 | R10: =Q10*12 -> 161635.33 | S10: 16 | T10: =Q10*S10 -> 215513.78 | U10: =T10*$R$6 -> 2586165.3
C11: 13h às 23h | E11: =4277.83 -> 4277.83 | F11: =ROUNDUP($F$6*$F$7,2) -> 245.04 | G11: =ROUNDDOWN(((E11+F11)*$G$7),2) -> 1356.86 | H11: ='HORAS,VT,Vl'!R15 -> 134.39383 | I11: =SUM(E11:H11) -> 6014.1238 | J11: =ROUNDDOWN(I11*$J$7,2) -> 4312.12 | K11: =SUM(I11:J11) -> 10326.244 | L11: ='HORAS,VT,Vl'!$P$7 -> 856.4367 | M11: - | N11: =SUM(L11:M11) -> 856.4367 | O11: =K11+N11 -> 11182.681 | P11: =O11*$P$7 -> 2570.7312 | Q11: =SUM(O11:P11) -> 13753.412 | R11: =Q11*12 -> 165040.94 | S11: 1 | T11: =Q11*S11 -> 13753.412 | U11: =T11*$R$6 -> 165040.94
C12: 15h às 01h | E12: =4277.83 -> 4277.83 | F12: =ROUNDUP($F$6*$F$7,2) -> 245.04 | G12: =ROUNDDOWN(((E12+F12)*$G$7),2) -> 1356.86 | H12: ='HORAS,VT,Vl'!R16 -> 403.18149 | I12: =SUM(E12:H12) -> 6282.9115 | J12: =ROUNDDOWN(I12*$J$7,2) -> 4504.84 | K12: =SUM(I12:J12) -> 10787.751 | L12: ='HORAS,VT,Vl'!$P$7 -> 856.4367 | M12: - | N12: =SUM(L12:M12) -> 856.4367 | O12: =K12+N12 -> 11644.188 | P12: =O12*$P$7 -> 2676.8249 | Q12: =SUM(O12:P12) -> 14321.013 | R12: =Q12*12 -> 171852.16 | S12: 4 | T12: =Q12*S12 -> 57284.052 | U12: =T12*$R$6 -> 687408.63
C13: 19h às 05h | E13: =4277.83 -> 4277.83 | F13: =ROUNDUP($F$6*$F$7,2) -> 245.04 | G13: =ROUNDDOWN(((E13+F13)*$G$7),2) -> 1356.86 | H13: ='HORAS,VT,Vl'!R17 -> 940.7568 | I13: =SUM(E13:H13) -> 6820.4868 | J13: =ROUNDDOWN(I13*$J$7,2) -> 4890.28 | K13: =SUM(I13:J13) -> 11710.767 | L13: ='HORAS,VT,Vl'!$P$7 -> 856.4367 | M13: - | N13: =SUM(L13:M13) -> 856.4367 | O13: =K13+N13 -> 12567.203 | P13: =O13*$P$7 -> 2889.0123 | Q13: =SUM(O13:P13) -> 15456.216 | R13: =Q13*12 -> 185474.59 | S13: 6 | T13: =Q13*S13 -> 92737.295 | U13: =T13*$R$6 -> 1112847.5
C14: 21h às 07h | E14: =4277.83 -> 4277.83 | F14: =ROUNDUP($F$6*$F$7,2) -> 245.04 | G14: =ROUNDDOWN(((E14+F14)*$G$7),2) -> 1356.86 | H14: ='HORAS,VT,Vl'!R18 -> 940.7568 | I14: =SUM(E14:H14) -> 6820.4868 | J14: =ROUNDDOWN(I14*$J$7,2) -> 4890.28 | K14: =SUM(I14:J14) -> 11710.767 | L14: ='HORAS,VT,Vl'!$P$7 -> 856.4367 | M14: - | N14: =SUM(L14:M14) -> 856.4367 | O14: =K14+N14 -> 12567.203 | P14: =O14*$P$7 -> 2889.0123 | Q14: =SUM(O14:P14) -> 15456.216 | R14: =Q14*12 -> 185474.59 | S14: 1 | T14: =Q14*S14 -> 15456.216 | U14: =T14*$R$6 -> 185474.59
A15: Subtotal 1 | K15: =SUM(K8:K14) -> 75923.324 | N15: =SUM(N8:N14) -> 5549.4313 | O15: =SUM(O8:O14) -> 81472.755 | S15: =SUM(S8:S14) -> 42 | T15: =SUM(T8:T14) -> 582191.83 | U15: =SUM(U8:U14) -> 6986302
A16: (*) horário abrange todos os postos e escalas de 44h semanais sem indicência de adicional noturno compreendidos no intervalo de tempo entre 05h às 22h.
A17: I - DIÁRIAS - RESSARCIMENTO (não poderá ser alterado pela licitante) | Q17: Qtd. Mensal | R17: Quant. Anual | S17: Valor unitário | T17: Valor Mensal | U17: Valor período
Q18: 20 | R18: =Q18*R6 -> 240 | S18: 589.4 | T18: =S18*Q18 -> 11788 | U18: =R18*S18 -> 141456
A19: II - FUNDO SOCIAL E ODONTOLÓGICO - RESSARCIMENTO (Só poderá ser alterado pelo licitante em caso de adoção de outra CCT) | R19: Quantidade | S19: Valor unitário | T19: Valor Mensal | U19: Valor período
R20: =S15 -> 42 | S20: 9.76 | T20: =R20*S20 -> 409.92 | U20: =T20*R6 -> 4919.04
A21: III - AUXÍLIO SAÚDE - RESSARCIMENTO (Só poderá ser alterado pelo licitante em caso de adoção de outra CCT) | R21: Quantidade | S21: Valor unitário | T21: Valor Mensal | U21: Valor período
R22: =S15 -> 42 | S22: 151.9 | T22: =R22*S22 -> 6379.8 | U22: =T22*R6 -> 76557.6
A23: IV - FUNDO PARA INDENIZAÇÃO DECORRENTE DE APOSENTADORIA POR INVALIDEZ E POR DOENÇA DE QUALQUER NATUREZA - RESSARCIMENTO (Só poderá ser alterado pelo licitante em caso de adoção de outra CCT) | R23: Quantidade | S23: Valor unitário | T23: Valor Mensal | U23: Valor período
R24: =S15 -> 42 | S24: 15.19 | T24: =R24*S24 -> 637.98 | U24: =T24*R6 -> 7655.76
A25: V - SEGURO DE VIDA - RESSARCIMENTO (Valor máximo admitido - pode ser alterado pela licitante em caso de contratação de apólice de menor valor) | R25: Quantidade | S25: Valor unitário | T25: Valor Mensal | U25: Valor período
R26: =S15 -> 42 | S26: 18.51 | T26: =R26*S26 -> 777.42 | U26: =T26*R6 -> 9329.04
A27: VI - UNIFORMES - MASCULINO E FEMININO- RESSARCIMENTO (Valor máximo admitido - pode ser alterado pela licitante, fazendo constar sempre o de maior valor entre o feminino e o masculino) Obs: O valor estimado previsto para uniforme observou o valor do uniforme masculino (maior valor), contudo, para fins de ressarcimento deverá ser observado o valor individualizado de cada item. | P27: Masculino | Q27: Feminino | R27: Quantidade | S27: Valor unitário | T27: Valor Mensal | U27: Valor período
P28: ='ANEXO A - Uniformes'!F18 -> 4708 | Q28: ='ANEXO A - Uniformes'!F35 -> 4688 | R28: =S15 -> 42 | S28: =P28/R6 -> 392.33333 | T28: =S28*R28 -> 16478 | U28: =T28*R6 -> 197736
A29: VII - EQUIPAMENTO DE PROTEÇÃO INDIVIDUAL - RESSARCIMENTO (Valor máximo admitido - pode ser alterado pela licitante) | R29: Quantidade | S29: Valor unitário | T29: Valor Mensal | U29: Valor período
R30: =S15 -> 42 | S30: ='ANEXO B - EPI'!F9 -> 497 | T30: =U30/R6 -> 1739.5 | U30: =S30*R30 -> 20874
A31: VIII - EQUIPAMENTOS E MATERIAIS- RESSARCIMENTO - BENS DURÁVEIS (Valor máximo admitido - pode ser alterado pela licitante) | R31: Quantidade | S31: Valor unitário | T31: Valor Mensal | U31: Valor período
R32: N/A | S32: N/A | T32: =U32/R6 -> 3599.7235 | U32: ='ANEXO C - Equipamentos'!I15 -> 43196.682
A33: Subtotal 2 | T33: =SUM(T17:T32) -> 41810.344 | U33: =SUM(U17:U32) -> 501724.12
A34: Valor máximo estimado do Contrato para o 1º ano | T34: Valor Mensal | U34: Valor Anual
T35: =T15+T33 -> 624002.18 | U35: =U15+U33 -> 7488026.1

Sheet HORAS,VT,Vl
B3: PLANILHA DE HORAS ANUAL 01/11/2022 a 31/10/2023 | K3: CÁLCULO DO AUXÍLIO-ALIMENTAÇÃO
B4: Período | C4: Dias da Semana | H4: Quantidade de horas úteis por mês | K4: Posto de Trabalho | L4: Valor Unitário | M4: PAT* (% mediante comprovação) | N4: Dias Úteis | O4: Total período | P4: Total Mensal
C5: Nº de Segundas a Quintas | D5: Nº de Sextas | E5: Nº de Sábados | F5: Nº de Domingos e Feriados | G5: Nº de Feriados Forenses | H5: 44 horas semanais | M5: =2% -> 0.02
B6: 44866 | C6: 15 | D6: 4 | E6: 4 | F6: 6 | G6: 1 | H6: 167 | K6: =B25 -> SPP - 12X36 | L6: =42.63 -> 42.63 | M6: =(L6)-(L6*M5) -> 41.7774 | N6: =182 -> 182 | O6: =M6*N6 -> 7603.4868 | P6: =O6/PlanilhaConsolidada!R6 -> 633.6239
B7: 44896 | C7: 16 | D7: 5 | E7: 5 | F7: 4 | G7: 1 | H7: 184 | K7: =B26 -> SPP - 44 horas | L7: =42.63 -> 42.63 | M7: =(L7)-(L7*M5) -> 41.7774 | N7: =H20 -> 246 | O7: =M7*N7 -> 10277.24 | P7: =O7/PlanilhaConsolidada!R6 -> 856.4367
B8: 44927 | C8: 18 | D8: 4 | E8: 4 | F8: 5 | G8: 0 | H8: 194 | K8: (*) Considerando a Cláusula décima segunda da CCT. | V8: 12
B9: 44958 | C9: 14 | D9: 4 | E9: 4 | F9: 5 | G9: 1 | H9: 158
B10: 44986 | C10: 18 | D10: 5 | E10: 4 | F10: 4 | G10: 0 | H10: 202
B11: 45017 | C11: 14 | D11: 2 | E11: 5 | F11: 7 | G11: 2 | H11: 142 | K11: CÁLCULO ADICIONAL NOTURNO
B12: 45047 | C12: 18 | D12: 4 | E12: 4 | F12: 5 | G12: 0 | H12: 194 | K12: Posto | M12: Remuneração | N12: Divisor (horas mensais) | O12: Percentual de acréscimo | P12: Qtde de horas noturnas | Q12: Dias no mês | R12: Valor adicional noturno mensal
B13: 45078 | C13: 16 | D13: 5 | E13: 4 | F13: 5 | G13: 0 | H13: 184
B14: 45108 | C14: 17 | D14: 4 | E14: 5 | F14: 5 | G14: 0 | H14: 185 | K14: =B25 -> SPP - 12X36 | L14: =PlanilhaConsolidada!C9 -> Noturno | M14: =ROUND(SUM(PlanilhaConsolidada!E9:G9),2) -> 5879.73 | N14: 220 | O14: 0.2 | P14: =(60*7)/52.5 -> 8 | Q14: 15 | R14: =(M14/N14)*O14*P14*Q14 -> 641.42509
B15: 45139 | C15: 19 | D15: 3 | E15: 4 | F15: 4 | G15: 1 | H15: 195 | K15: =B26 -> SPP - 44 horas | L15: =PlanilhaConsolidada!C11 -> 13h às 23h | M15: =SUM(PlanilhaConsolidada!E11:G11) -> 5879.73 | N15: 220 | O15: 0.2 | P15: =(60*1)/52.5 -> 1.1428571 | Q15: 22 | R15: =(M15/N15)*O15*P15*Q15 -> 134.39383
B16: 45170 | C16: 15 | D16: 5 | E16: 5 | F16: 5 | G16: 0 | H16: 175 | L16: =PlanilhaConsolidada!C12 -> 15h às 01h | M16: =SUM(PlanilhaConsolidada!E12:G12) -> 5879.73 | N16: 220 | O16: 0.2 | P16: =(60*3)/52.5 -> 3.4285714 | Q16: 22 | R16: =(M16/N16)*O16*P16*Q16 -> 403.18149
B17: 45200 | C17: 17 | D17: 4 | E17: 3 | F17: 6 | G17: 1 | H17: 185 | L17: =PlanilhaConsolidada!C13 -> 19h às 05h | M17: =SUM(PlanilhaConsolidada!E13:G13) -> 5879.73 | N17: 220 | O17: 0.2 | P17: =(60*7)/52.5 -> 8 | Q17: 22 | R17: =(M17/N17)*O17*P17*Q17 -> 940.7568
L18: =PlanilhaConsolidada!C14 -> 21h às 07h | M18: =PlanilhaConsolidada!E14+PlanilhaConsolidada!F14+PlanilhaConsolidada!G14 -> 5879.73 | N18: 220 | O18: 0.2 | P18: =(60*7)/52.5 -> 8 | Q18: 22 | R18: =(M18/N18)*O18*P18*Q18 -> 940.7568
B19: Total de dias úteis | C19: =SUM(C6:C18) -> 197 | D19: =SUM(D6:D18) -> 49 | E19: Total de horas | H19: =SUM(H6:H17) -> 2165
B20: Total de dias úteis | H20: =C19+D19 -> 246
B22: AUXÍLIO-TRANSPORTE
B23: Posto de trabalho | C23: Salário | D23: 12 meses (12 * salário) | E23: Dias úteis no ano | F23: Resultado (12 meses /dias úteis) | G23: 6% * resultado | H23: Dias Trabalhados no ano | I23: Participação funcionário (anual) | K23: CÁLCULO DO VALOR DA HORA - 1º ANO
K24: Postos de Trabalho | M24: =PlanilhaConsolidada!Q3 -> Total unitário mensal do posto de trabalho (R$) | N24: Divisor | O24: Valor da Hora
B25: SPP - 12X36 | C25: =PlanilhaConsolidada!E8 -> 4277.83 | D25: =C25*PlanilhaConsolidada!R6 -> 51333.96 | E25: =182 -> 182 | F25: =D25/E25 -> 282.05473 | G25: =F25*0.06 -> 16.923284 | H25: =E25 -> 182 | I25: =G25*H25 -> 3080.0376
B26: SPP - 44 horas | C26: =PlanilhaConsolidada!E10 -> 4277.83 | D26: =C26*PlanilhaConsolidada!R6 -> 51333.96 | E26: =H20 -> 246 | F26: =D26/E26 -> 208.67463 | G26: =F26*0.06 -> 12.520478 | H26: =H20 -> 246 | I26: =G26*H26 -> 3080.0376 | K26: =B25 -> SPP - 12X36 | L26: diurno | M26: =PlanilhaConsolidada!Q8 -> 13195.577 | N26: 220 | O26: =M26/N26 -> 59.979895
L27: noturno | M27: =PlanilhaConsolidada!Q9 -> 14550.08 | N27: 220 | O27: =M27/N27 -> 66.136728
B28: Posto de trabalho | C28: Valor unitário do vale | D28: Quantidade diária | E28: Dias úteis no ano | F28: Resultado | G28: Participação funcionário (anual) | H28: Participação empresa (anual) | I28: participação empresa (mensal) | K28: =B26 -> SPP - 44 horas | L28: 05h às 22h | M28: =PlanilhaConsolidada!Q10 -> 13469.611 | N28: 220 | O28: =M28/N28 -> 61.225505
L29: 13h às 23h | M29: =PlanilhaConsolidada!Q11 -> 13753.412 | N29: 220 | O29: =M29/N29 -> 62.515508
B30: =B25 -> SPP - 12X36 | C30: 5.5 | D30: 2 | E30: =E25 -> 182 | F30: =(C30*D30)*E30 -> 2002 | G30: =I25 -> 3080.0376 | H30: =IF(F30-G30<=0,0,F30-G30) -> 0 | I30: =H30/12 -> 0 | L30: 15h às 01h | M30: =PlanilhaConsolidada!Q12 -> 14321.013 | N30: 220 | O30: =M30/N30 -> 65.095514
B31: =B26 -> SPP - 44 horas | C31: 5.5 | D31: 2 | E31: =E26 -> 246 | F31: =(C31*D31)*E31 -> 2706 | G31: =I26 -> 3080.0376 | H31: =IF(F31-G31<=0,0,F31-G31) -> 0 | I31: =H31/12 -> 0 | L31: 19h às 05h | M31: =PlanilhaConsolidada!Q13 -> 15456.216 | N31: 220 | O31: =M31/N31 -> 70.255526
L32: 21h às 07h | M32: =PlanilhaConsolidada!Q14 -> 15456.216 | N32: 220 | O32: =M32/N32 -> 70.255526
B33: OBSERVAÇÕES:
B34: 1. No posto de trabalho 12X36, em 1 semana o profissional trabalha 3 dias (36 horas) e na outra trabalha 4 dias (48 horas) e assim alternadamente.
B35: 2. Um ano possui 52 semanas. Durante 26 semanas (metade de 52 semanas), o profissional locado no posto de trabalho 12x36 trabalhará 36 horas por semana, totalizando 936 horas no período.
B36: 3 Para as outras 26 semanas, o profissional trabalhará 48 horas por semana, totalizando 1.248 horas no período, assim, durante 1 ano o ocupante do posto de trabalho 12X36 trabalhará 182 dias, correspondendo a 2.184 horas.
B37: 4 Para o valor Unitário do Vale Transporte, foi levado em consideração o preço praticado em Brasília, devendo a empresa aplicar o valor correspondente à sua realidade, no entanto, deverá ser observada a metodologia de cálculo constante na planilha de formação de preços, cuja comprovação deverá ser comprovada quando do encaminhamento da proposta vencedora.
X51: =SUM(X18:X50) -> 0
X52: =X16+X51 -> 0

Sheet Encargos Sociais
B2: PLANILHA DE COMPOSIÇÃO DOS PERCENTUAIS
B3: MÁXIMOS DE ENCARGOS SOCIAIS | G3: CUSTOS INDIRETOS, TRIBUTOS E LUCRO - CITL
B4: Item | C4: Título | D4: RAT / FAP (*) PODERÁ SER ALTERADO | G4: TRIBUTAÇÃO | J4: Cumulativa
D5: 0.03 | E5: 2
B6: Módulo "A" | D6: % | G6: DESCRIÇÃO | J6: %
B7: 1 | C7: PREVIDÊNCIA SOCIAL - PODERÁ SER ALTERADO | D7: 0.2 | G7: CUSTOS INDIRETOS* | I7: A | J7: 0.05
B8: 2 | C8: SESI / SESC - NÃO PODERÁ SER ALTERADO | D8: 0.015 | G8: LUCRO* | I8: B | J8: 0.07
B9: 3 | C9: SENAI / SENAC - NÃO PODERÁ SER ALTERADO | D9: 0.01 | G9: TRIBUTOS - SOMATÓRIO: | I9: C | J9: =SUM(J10:J13) -> 0.0865
B10: 4 | C10: INCRA - NÃO PODERÁ SER ALTERADO | D10: 0.002 | I10: ISS | J10: 0.05
B11: 5 | C11: SALÁRIO EDUCAÇÃO - NÃO PODERÁ SER ALTERADO | D11: 0.025 | I11: COFINS | J11: 0.03
B12: 6 | C12: F G T S - NÃO PODERÁ SER ALTERADO | D12: 0.08 | I12: PIS | J12: 0.0065
B13: 7 | C13: RISCO ACIDENTE DE TRABALHO AJUSTADO (**) | D13: =D5*E5 -> 0.06 | I13: CPRB** | J13: 0
B14: 8 | C14: SEBRAE - NÃO PODERÁ SER ALTERADO | D14: 0.006 | G14: TOTAL DO CITL | J14: =(((1+J7)*(1+J8))/(1-J9))-1 -> 0.22988506
B15: Total do Módulo "A" | D15: =SUM(D7:D14) -> 0.398 | G15: Fórmula do citl
B16: Módulo B | D16: %
D17: 1º Ano | E17: A partir do 2º ano
B18: 9 | C18: 13º SALÁRIO - NÃO PODERÁ SER ALTERADO (***) | D18: =ROUND(1/12,4) -> 0.0833 | E18: =ROUND(1/11,4) -> 0.0909 | G18: Onde:
B19: 10 | C19: FÉRIAS - NÃO PODERÁ SER ALTERADO (***) | D19: =ROUND(1/12,4) -> 0.0833 | E19: =ROUND(1/11,4) -> 0.0909 | G19: A = Custos indiretos;
B20: 11 | C20: ABONO DE FÉRIAS - NÃO PODERÁ SER ALTERADO (***) | D20: =ROUND(1/3/12,4) -> 0.0278 | E20: =ROUND(1/3/11,4) -> 0.0303 | G20: B = Lucro; e
B21: 12 | C21: AUXÍLIO DOENÇA - PODERÁ SER ALTERADO | D21: 0.0139 | G21: C = Tributos - somatório
B22: 13 | C22: LICENÇA PATERNIDADE - PODERÁ SER ALTERADO | D22: 0.0002 | G22: *Incluem custo com salário, encargos e auxílios do preposto
B23: 14 | C23: FALTAS LEGAIS - PODERÁ SER ALTERADO | D23: 0.0028 | G23: **Contribuição Previdenciária sobre a Receita Bruta - lei 12.546/2011
B24: 15 | C24: ACIDENTE DO TRABALHO - PODERÁ SER ALTERADO | D24: 0.0003
B25: Total do Módulo "B" | D25: =SUM(D18:D20)+SUM(D21:E24) -> 0.2116 | E25: =SUM(E18:E20)+SUM(D21:E24) -> 0.2293 | G25: CONTA-DEPÓSITO VINCULADA - BLOQUEADA PARA MOVIMENTAÇÃO
B26: Módulo C | D26: % | G26: Item | J26: 1º Ano | K26: A partir do 2º ano
B27: 16 | C27: AVISO PRÉVIO INDENIZADO - PODERÁ SER ALTERADO | D27: 0.0042 | G27: Módulo "A" | J27: =D15 -> 0.398 | K27: =D15 -> 0.398
B28: 17 | C28: AVISO PRÉVIO - PODERÁ SER ALTERADO | D28: 0.0004 | G28: Título | J28: %
B29: 18 | C29: INDENIZAÇÃO ADICIONAL - PODERÁ SER ALTERADO | D29: 0.0008 | G29: 13º salário | J29: =D18 -> 0.0833 | K29: =E18 -> 0.0909
B30: 19 | C30: FGTS RECISÕES SEM JUSTA CAUSA - PODERÁ SER ALTERADO | D30: 0.0288 | G30: Férias | J30: =D19 -> 0.0833 | K30: =E19 -> 0.0909
B31: Total do Módulo "C" | D31: =SUM(D27:D30) -> 0.0342 | G31: Subtotal | J31: =SUM(J29:J30) -> 0.1666 | K31: =SUM(K29:K30) -> 0.1818
B32: Módulo D | D32: %
B33: 20 | C33: INCIDÊNCIA DE A SOBRE B | D33: =D15*(D25-D20) -> 0.0731524 | E33: =D15*(E25-E20) -> 0.079202 | G33: Incidência Módulo "A" | J33: =J27*J31 -> 0.0663068 | K33: =K27*K31 -> 0.0723564
B34: Total do Módulo "D" | D34: =SUM(D33) -> 0.0731524 | E34: =SUM(E33) -> 0.079202 | G34: Abono férias | J34: =D20 -> 0.0278 | K34: =E20 -> 0.0303
B35: TOTAL DOS ENCARGOS SOCIAIS | D35: 1º Ano | E35: A partir do 2º ano | G35: FGTS Recisões sem Justa Causa | J35: =D30 -> 0.0288 | K35: =D30 -> 0.0288
D36: =(D15+D25+D31+D34) -> 0.7169524 | E36: =(D15+E25+D31+E34) -> 0.740702 | G36: A CONTINGENCIAR | J36: =SUM(J31:J35) -> 0.2895068 | K36: =SUM(K31:K35) -> 0.3132564
B37: (*) Risco Acidente de Trabalho / Fator Acidentário de Prevenção
B38: (**) Variação das alíquotas de 0,5% a 6% de RAT, devido a incidência do FAP
B39: (***) Em caso de ausência de cobertura de férias, deverá ser alterado o divisor para 11 meses, à partir do segundo ano do contrato

Sheet ANEXO A - Uniformes
B3: UNIFORME MASCULINO (a serem fornecidos conforme especificação do Termo de Referência)
D4: UNIFORME SOCIAL MASCULINO
B5: Item | C5: Nº de peças a serem fornecidas anualmente* | D5: Descrição do uniforme | E5: Valor unitário máximo admitido | F5: Valor máxímo admitido por profissional no período de 12 meses
B6: 1 | C6: 2 | D6: Terno completo: Composto de 1 (um) Paletó e 1 (uma) Calça | E6: 850 | F6: =E6*C6 -> 1700
B7: 2 | C7: 4 | D7: Camisa social | E7: 250 | F7: =E7*C7 -> 1000
B8: 3 | C8: 2 | D8: Gravata social vertical | E8: 65 | F8: =E8*C8 -> 130
B9: 4 | C9: 1 | D9: Cinto social | E9: 89 | F9: =E9*C9 -> 89
B10: 5 | C10: 6 | D10: Meia social (par) | E10: 25 | F10: =E10*C10 -> 150
B11: 6 | C11: 2 | D11: Sapato social (par) | E11: 320 | F11: =E11*C11 -> 640
B13: UNIFORME CASUAL MASCULINO
B14: 7 | C14: 1 | D14: Calça jeans | E14: 249 | F14: =E14*C14 -> 249
B15: 8 | C15: 2 | D15: Camisa polo | E15: 120 | F15: =E15*C15 -> 240
B16: 9 | C16: 4 | D16: Meia para tênis | E16: 30 | F16: =E16*C16 -> 120
B17: 10 | C17: 1 | D17: Tênis | E17: 390 | F17: =E17*C17 -> 390
B18: TOTAL MÁXIMO ADMITIDO | F18: =SUM(F6:F17) -> 4708
B21: UNIFORME FEMININO (a serem fornecidos conforme especificação do Termo de Referência)
B22: UNIFORME SOCIAL FEMININO
B23: Item | C23: Nº de peças a serem fornecidas anualmente* | D23: Descrição do uniforme | E23: Valor unitário máximo admitido | F23: Valor máxímo admitido por profissional no período de 12 meses
B24: 11 | C24: 2 | D24: Tailleur - Tailleur completo: Composto de 01 (um) Blazer e 01 (uma) Calça | E24: 800 | F24: =E24*C24 -> 1600
B25: 12 | C25: 4 | D25: Blusa social | E25: 280 | F25: =E25*C25 -> 1120
C26: 1 | D26: Cinto social | E26: 89 | F26: =E26*C26 -> 89
B27: 13 | C27: 6 | D27: Meia-Calça | E27: 40 | F27: =E27*C27 -> 240
B28: 15 | C28: 2 | D28: Sapato social (par) | E28: 320 | F28: =E28*C28 -> 640
B30: UNIFORME CASUAL FEMININO
B31: 16 | C31: 1 | D31: Calça jeans | E31: 249 | F31: =E31*C31 -> 249
B32: 17 | C32: 2 | D32: Camisa polo | E32: 120 | F32: =E32*C32 -> 240
B33: 18 | C33: 4 | D33: Meia para tênis | E33: 30 | F33: =E33*C33 -> 120
B34: 19 | C34: 1 | D34: Tênis | E34: 390 | F34: =E34*C34 -> 390
B35: TOTAL MÁXIMO ADMITIDO | F35: =SUM(F24:F34) -> 4688
B36: * fornecimento conforme solicitação do Fiscal

Sheet ANEXO B - EPI
B5: EQUIPAMENTO DE PROTEÇÃO INDIVIDUAL
B6: Item | C6: Nº de peças a serem fornecidas anualmente* | D6: Descrição | E6: Valor unitário máximo admitido | F6: Valor máxímo admitido por profissional no período de 12 meses
B7: 1 | C7: 1 | D7: Japona | E7: 350 | F7: =C7*E7 -> 350
B8: 2 | C8: 1 | D8: Capa de chuva com capuz | E8: 147 | F8: =C8*E8 -> 147
B9: Valor estimado máximo admitido | F9: =SUM(F7:F8) -> 497
B10: * fornecimento conforme solicitação do Fiscal

Sheet ANEXO C - Equipamentos
B5: EQUIPAMENTOS E MATERIAIS - BENS DURÁVEIS (a serem fornecidos conforme especificação do Termo de Referência)
B6: Item | C6: Quantidade | D6: Descrição | E6: Prazo de vida útil (anos) | F6: Taxa anual de depreciação | G6: Valor unitário máximo admitido | H6: Valor total máximo do item | I6: Valor máximo anual a ser ressarcido, considerando a depreciação
B7: 1 | C7: 30 | D7: Pistola cal. 380 | E7: 10 | F7: 0.1 | G7: 7490 | H7: =G7*C7 -> 224700 | I7: =H7/E7 -> 22470
B8: 2 | C8: =C7 -> 30 | D8: Coldre para pistola | E8: 10 | F8: 0.1 | G8: 216.32 | H8: =G8*C8 -> 6489.6 | I8: =H8/E8 -> 648.96
B9: 3 | C9: =C7 -> 30 | D9: Porta carregador duplo | E9: 10 | F9: 0.1 | G9: 68.89 | H9: =G9*C9 -> 2066.7 | I9: =H9/E9 -> 206.67
B10: 4 | C10: =C7*30 -> 900 | D10: Munição para pistola .380 | E10: 1 | F10: 1 | G10: 16.19 | H10: =G10*C10 -> 14571 | I10: =H10/E10 -> 14571
B11: 5 | C11: =C7 -> 30 | D11: Cinto sem furos | E11: 5 | F11: 0.2 | G11: 99.65 | H11: =G11*C11 -> 2989.5 | I11: =H11/E11 -> 597.9
B12: 6 | C12: 42 | D12: Colete Balístico | E12: 5 | F12: 0.2 | G12: 359.99 | H12: =C12*G12 -> 15119.58 | I12: =H12/E12 -> 3023.916
B13: 7 | C13: 42 | D13: Capa social sobressalente | E13: 5 | F13: 0.2 | G13: 183.29 | H13: =C13*G13 -> 7698.18 | I13: =H13/E13 -> 1539.636
B14: 8 | C14: 4 | D14: Lanterna holofote | E14: 5 | F14: 0.2 | G14: 173.25 | H14: =G14*C14 -> 693 | I14: =H14/E14 -> 138.6
B15: Valor estimado máximo admitido a ser ressarcido, considerando a depreciação do equipamento | I15: =SUM(I7:I14) -> 43196.682

Sheet Cálculo Cobertura
B3: CÁLCULO DO PROFISSIONAL DE COBERTURA
B5: Postos de Trabalho | C5: MONTANTE "A" | I5: MONTANTE "B" | L5: Somatório Montantes "A" e "B" | M5: CITL Calculado sobre o somatório dos Montantes "A" e "B" | N5: Total unitário mensal do posto de trabalho | O5: Valor diário do cobertura
C6: Remuneração | D6: 13º Salário | E6: Férias | F6: Abono de férias | G6: Incidência do Módulo A sobre 13º Salário e Férias | H6: Total unitário Montante "A" | I6: Auxílio-Alimentação | J6: Auxílio-transporte - parte da empresa | K6: Total unitário Montante "B"
D9: ='Encargos Sociais'!D18 -> 0.0833 | E9: ='Encargos Sociais'!D19 -> 0.0833 | F9: ='Encargos Sociais'!D20 -> 0.0278 | G9: ='Encargos Sociais'!D15 -> 0.398 | I9: Valor Mensal | J9: Valor Mensal | M9: ='Encargos Sociais'!J14 -> 0.22988506
B10: =PlanilhaConsolidada!C8 -> Diurno | C10: =PlanilhaConsolidada!I8 -> 5879.73 | D10: =C10*$D$9 -> 489.78151 | E10: =C10*$E$9 -> 489.78151 | F10: =$F$9*C10 -> 163.45649 | G10: =($G$9*D10)+(E10*$G$9) -> 389.86608 | H10: =C10+D10+F10+G10+E10 -> 7412.6156 | I10: ='HORAS,VT,Vl'!P6 -> 633.6239 | J10: ='HORAS,VT,Vl'!$I$30 -> 0 | K10: =I10+J10 -> 633.6239 | L10: =H10+K10 -> 8046.2395 | M10: =L10*$M$9 -> 1849.7102 | N10: =L10+M10 -> 9895.9497 | O10: =N10/30 -> 329.86499
B11: =PlanilhaConsolidada!C9 -> Noturno | C11: =PlanilhaConsolidada!I9 -> 6521.1551 | D11: =C11*$D$9 -> 543.21222 | E11: =C11*$E$9 -> 543.21222 | F11: =$F$9*C11 -> 181.28811 | G11: =($G$9*D11)+(E11*$G$9) -> 432.39693 | H11: =C11+D11+F11+G11+E11 -> 8221.2646 | I11: ='HORAS,VT,Vl'!P6 -> 633.6239 | J11: ='HORAS,VT,Vl'!$I$30 -> 0 | K11: =I11+J11 -> 633.6239 | L11: =H11+K11 -> 8854.8885 | M11: =L11*$M$9 -> 2035.6065 | N11: =L11+M11 -> 10890.495 | O11: =N11/30 -> 363.0165
B12: =PlanilhaConsolidada!C10 -> 05h às 22h* | C12: =PlanilhaConsolidada!I10 -> 5879.73 | D12: =C12*$D$9 -> 489.78151 | E12: =C12*$E$9 -> 489.78151 | F12: =$F$9*C12 -> 163.45649 | G12: =($G$9*D12)+(E12*$G$9) -> 389.86608 | H12: =C12+D12+F12+G12+E12 -> 7412.6156 | I12: ='HORAS,VT,Vl'!$P$7 -> 856.4367 | J12: ='HORAS,VT,Vl'!$I$31 -> 0 | K12: =I12+J12 -> 856.4367 | L12: =H12+K12 -> 8269.0523 | M12: =L12*$M$9 -> 1900.9316 | N12: =L12+M12 -> 10169.984 | O12: =N12/30 -> 338.99946
B13: =PlanilhaConsolidada!C11 -> 13h às 23h | C13: =PlanilhaConsolidada!I11 -> 6014.1238 | D13: =C13*$D$9 -> 500.97651 | E13: =C13*$E$9 -> 500.97651 | F13: =$F$9*C13 -> 167.19264 | G13: =($G$9*D13)+(E13*$G$9) -> 398.77731 | H13: =C13+D13+F13+G13+E13 -> 7582.0468 | I13: ='HORAS,VT,Vl'!$P$7 -> 856.4367 | J13: ='HORAS,VT,Vl'!$I$31 -> 0 | K13: =I13+J13 -> 856.4367 | L13: =H13+K13 -> 8438.4835 | M13: =L13*$M$9 -> 1939.8813 | N13: =L13+M13 -> 10378.365 | O13: =N13/30 -> 345.94549
B14: =PlanilhaConsolidada!C12 -> 15h às 01h | C14: =PlanilhaConsolidada!I12 -> 6282.9115 | D14: =C14*$D$9 -> 523.36653 | E14: =C14*$E$9 -> 523.36653 | F14: =$F$9*C14 -> 174.66494 | G14: =($G$9*D14)+(E14*$G$9) -> 416.59976 | H14: =C14+D14+F14+G14+E14 -> 7920.9092 | I14: ='HORAS,VT,Vl'!$P$7 -> 856.4367 | J14: ='HORAS,VT,Vl'!$I$31 -> 0 | K14: =I14+J14 -> 856.4367 | L14: =H14+K14 -> 8777.3459 | M14: =L14*$M$9 -> 2017.7807 | N14: =L14+M14 -> 10795.127 | O14: =N14/30 -> 359.83755
B15: =PlanilhaConsolidada!C13 -> 19h às 05h | C15: =PlanilhaConsolidada!I13 -> 6820.4868 | D15: =C15*$D$9 -> 568.14655 | E15: =C15*$E$9 -> 568.14655 | F15: =$F$9*C15 -> 189.60953 | G15: =($G$9*D15)+(E15*$G$9) -> 452.24465 | H15: =C15+D15+F15+G15+E15 -> 8598.6341 | I15: ='HORAS,VT,Vl'!$P$7 -> 856.4367 | J15: ='HORAS,VT,Vl'!$I$31 -> 0 | K15: =I15+J15 -> 856.4367 | L15: =H15+K15 -> 9455.0708 | M15: =L15*$M$9 -> 2173.5795 | N15: =L15+M15 -> 11628.65 | O15: =N15/30 -> 387.62168
B16: =PlanilhaConsolidada!C14 -> 21h às 07h | C16: =PlanilhaConsolidada!I14 -> 6820.4868 | D16: =C16*$D$9 -> 568.14655 | E16: =C16*$E$9 -> 568.14655 | F16: =$F$9*C16 -> 189.60953 | G16: =($G$9*D16)+(E16*$G$9) -> 452.24465 | H16: =C16+D16+F16+G16+E16 -> 8598.6341 | I16: ='HORAS,VT,Vl'!$P$7 -> 856.4367 | J16: ='HORAS,VT,Vl'!$I$31 -> 0 | K16: =I16+J16 -> 856.4367 | L16: =H16+K16 -> 9455.0708 | M16: =L16*$M$9 -> 2173.5795 | N16: =L16+M16 -> 11628.65 | O16: =N16/30 -> 387.62168

Sheet Anexo IIE - Encargos 2º ano
B2: PLANILHA DE COMPOSIÇÃO DOS PERCENTUAIS
B3: MÁXIMOS DE ENCARGOS SOCIAIS | G3: CUSTOS INDIRETOS, TRIBUTOS E LUCRO - CITL
B4: Item | C4: Título | D4: R A T /FAP (*) PODERÁ SER ALTERADO | G4: TRIBUTAÇÃO | J4: Cumulativa
D5: 0.03 | E5: 2
B6: Módulo "A" | D6: % | G6: DESCRIÇÃO | J6: %
B7: 1 | C7: PREVIDÊNCIA SOCIAL - PODERÁ SER ALTERADO | D7: 0.2 | G7: CUSTOS INDIRETOS* | I7: A | J7: 0.05
B8: 2 | C8: SESI / SESC - NÃO PODERÁ SER ALTERADO | D8: 0.015 | G8: LUCRO* | I8: B | J8: 0.07
B9: 3 | C9: SENAI / SENAC - NÃO PODERÁ SER ALTERADO | D9: 0.01 | G9: TRIBUTOS - SOMATÓRIO: | I9: C | J9: =SUM(J10:J13) -> 0.0865
B10: 4 | C10: INCRA - NÃO PODERÁ SER ALTERADO | D10: 0.002 | I10: ISS | J10: 0.05
B11: 5 | C11: SALÁRIO EDUCAÇÃO - NÃO PODERÁ SER ALTERADO | D11: 0.025 | I11: COFINS | J11: 0.03
B12: 6 | C12: F G T S - NÃO PODERÁ SER ALTERADO | D12: 0.08 | I12: PIS | J12: 0.0065
B13: 7 | C13: RISCO ACIDENTE DE TRABALHO AJUSTADO (**) | D13: =D5*E5 -> 0.06 | I13: CPRB** | J13: 0
B14: 8 | C14: SEBRAE - NÃO PODERÁ SER ALTERADO | D14: 0.006 | G14: TOTAL DO CITL | J14: =(((1+J7)*(1+J8))/(1-J9))-1 -> 0.22988506
B15: Total do Módulo "A" | D15: =SUM(D7:D14) -> 0.398 | G15: Fórmula do citl
B16: Módulo B | D16: %
B17: 9 | C17: 13º SALÁRIO - NÃO PODERÁ SER ALTERADO | D17: =100%/11 -> 0.090909091 | G17: Onde:
B18: 10 | C18: FÉRIAS - NÃO PODERÁ SER ALTERADO | D18: =100%/11 -> 0.090909091 | G18: A = Custos indiretos;
B19: 11 | C19: ABONO DE FÉRIAS - NÃO PODERÁ SER ALTERADO | D19: =100%/3/11 -> 0.03030303 | G19: B = Lucro; e
B20: 12 | C20: AUXÍLIO DOENÇA - PODERÁ SER ALTERADO | D20: 0.0139 | G20: C = Tributos - somatório
B21: 13 | C21: LICENÇA PATERNIDADE - PODERÁ SER ALTERADO | D21: 0.0002 | G21: *Incluem custo com salário, encargos e auxílios do preposto
B22: 14 | C22: FALTAS LEGAIS - PODERÁ SER ALTERADO | D22: 0.0028 | G22: **Contribuição Previdenciária sobre a Receita Bruta - lei 12.546/2011
B23: 15 | C23: ACIDENTE DO TRABALHO - PODERÁ SER ALTERADO | D23: 0.0003
B24: Total do Módulo "B" | D24: =SUM(D17:D23) -> 0.22932121
B25: Módulo C | D25: %
B26: 16 | C26: AVISO PRÉVIO INDENIZADO - PODERÁ SER ALTERADO | D26: 0.0042
B27: 17 | C27: AVISO PRÉVIO - PODERÁ SER ALTERADO | D27: 0.0004
B28: 18 | C28: INDENIZAÇÃO ADICIONAL - PODERÁ SER ALTERADO | D28: 0.0008
B29: 19 | C29: FGTS RECISÕES SEM JUSTA CAUSA - PODERÁ SER ALTERADO | D29: 0.0288
B30: Total do Módulo "C" | D30: =SUM(D26:D29) -> 0.0342
B31: Módulo D | D31: %
B32: 20 | C32: INCIDÊNCIA DE A SOBRE B | D32: =D15*(D24-D19) -> 0.079209236
B33: Total do Módulo "D" | D33: =SUM(D32) -> 0.079209236
B34: TOTAL DOS ENCARGOS SOCIAIS | E34: =(D15+D24+D30+D33) -> 0.74073045
B35: (*) Risco Acidente de Trabalho / Fator Acidentário de Prevenção
B36: (**) Variação das alíquotas de 0,5% a 6% de RAT, devido a incidência do FAP
